 Dungeon Crawl Stone Soup version 0.26-a0-661-g406de6ba63 (webtiles) character file.

Game seed: 6338991138131478751

11645 sahdkjhfkaj the Cleaver (level 11, -3/98 (99) HPs)
             Began as a Hill Orc Fighter on Oct 8, 2020.
             Was a High Priest of Beogh.
             Slain by a seven-headed hydra (10 damage)
             ... on level 3 of the Lair of Beasts.
             The game lasted 00:17:28 (13618 turns).

sahdkjhfkaj the Cleaver (Hill Orc Fighter)         Turns: 13618, Time: 00:17:29

HP:   -3/98 (99)    AC: 15    Str: 23    XL:     11   Next: 81%
MP:   17/17         EV:  7    Int:  8    God:    Beogh [*****.]
Gold: 1125          SH: 16    Dex: 10    Spells: 10/10 levels left

rFire    . . .     SeeInvis .   a - +0 war axe
rCold    . . .     Faith    .   c - +0 kite shield
rNeg     . . .     Spirit   .   z - +0 chain mail
rPois    .         Reflect  +   A - +1 hat
rElec    .         Harm     .   (no cloak)
rCorr    .         Rampage  .   B - +2 pair of gloves
MR       .....                  (no boots)
Stlth    ..........             G - amulet of reflection
HPRegen  0.26/turn              (no ring)
MPRegen  0.15/turn              (no ring)

@: no status effects
A: walk on water
a: Smiting, Recall Orcish Followers, Give Item to Named Follower, Renounce
Religion


You were on level 3 of the Lair of Beasts.
You worshipped Beogh.
Beogh was extremely pleased with you.
You visited 2 branches of the dungeon, and saw 13 of its levels.

You collected 1125 gold pieces.

Inventory:

Hand Weapons
 a - a +0 war axe (weapon)
 b - a +1 whip of flaming
Armour
 c - a +0 kite shield (worn)
 z - a +0 chain mail (worn)
 A - a +1 hat (worn)
 B - a +2 pair of gloves (worn)
Jewellery
 G - an amulet of reflection (around neck)
 N - a +6 ring of dexterity {unknown}
Wands
 l - a wand of random effects (33)
 r - a wand of digging (4)
 w - a wand of acid (9)
 y - a wand of flame (29)
 I - a wand of iceblast (13)
 L - a wand of paralysis (6)
 M - a wand of enslavement (8)
 O - a wand of disintegration (12)
Scrolls
 f - 4 scrolls of fog
 h - 14 scrolls of teleportation
 m - a scroll of holy word
 o - 2 scrolls of blinking
 s - 6 scrolls of remove curse
 t - 4 scrolls of magic mapping
 u - 3 scrolls of enchant armour
 v - 2 scrolls of noise
 C - 4 scrolls of amnesia
 D - a scroll of brand weapon
 F - 4 scrolls of immolation
 J - a scroll of silence
 K - a scroll of enchant weapon
Potions
 d - a potion of might
 e - 10 potions of curing
 g - 2 potions of mutation
 i - a potion of flight
 j - 3 potions of stabbing
 k - 2 potions of resistance
 n - 4 potions of magic
 p - 3 potions of haste
 q - 4 potions of heal wounds
 x - a potion of degeneration {unknown}
 E - 3 potions of cancellation {unknown}
 H - a potion of invisibility {unknown}


   Skills:
 + Level 9.8 Fighting
 * Level 13.7 Axes
 + Level 9.0 Armour
 + Level 9.1 Shields
 + Level 9.3 Invocations


You had 10 spell levels left.
You didn't know any spells.
Your spell library contained the following spells:

 Spells                   Type           Power        Failure   Level
 Corona                   Hex            #......      99%         1
 Foxfire                  Conj/Fire      #...         99%         1
 Magic Dart               Conj           #...         99%         1
 Shock                    Conj/Air       #...         99%         1
 Summon Small Mammal      Summ           #...         99%         1
 Call Imp                 Summ           #.......     100%        2
 Ensorcelled Hibernation  Hex/Ice        #.....       100%        2
 Searing Ray              Conj           #.....       100%        2
 Swiftness                Air            #.......     100%        2
 Call Canine Familiar     Summ           #.......     100%        3
 Confusing Touch          Hex            #.......     100%        3
 Conjure Flame            Conj/Fire      #.......     100%        3
 Dazzling Flash           Conj/Hex       #.....       100%        3
 Inner Flame              Hex/Fire       #.......     100%        3
 Static Discharge         Conj/Air       #.......     100%        3
 Summon Guardian Golem    Hex/Summ       #.......     100%        3
 Tukima's Dance           Hex            #.......     100%        3
 Fulminant Prism          Conj/Hex       #.........   100%        4
 Iskenderun's Mystic Bla  Conj/Tloc      #.......     100%        4
 Sticky Flame             Conj/Fire      #.......     100%        4
 Summon Ice Beast         Ice/Summ       #.......     100%        4
 Summon Lightning Spire   Summ/Air       #.......     100%        4
 Bolt of Magma            Conj/Fire/Erth #.........   100%        5
 Fireball                 Conj/Fire      #.........   100%        5
 Iskenderun's Battlesphe  Conj           #.......     100%        5
 Conjure Ball Lightning   Conj/Air       #.........   100%        6
 Iron Shot                Conj/Erth      #.........   100%        6
 Ozocubu's Refrigeration  Ice            #.........   100%        6
 Orb of Destruction       Conj           #.........   100%        7
 Spellforged Servitor     Conj/Summ      #.........   100%        7


Dungeon Overview and Level Annotations

Branches:
Dungeon (10/15)            Temple (0/1) D:7            Lair (3/6) D:9
  Snake (0/4) Lair:2          Orc (0/2) D:10
  Swamp: Lair:2-4    Shoals: Lair:2-4

Altars:
Ashenzari
Cheibriados
Dithmenos
Hepliaklqana
Makhleb
Sif Muna
Xom
Zin
The Shining One
Beogh

Shops:
D:7 *   D:9 *[


Message History

Something bites you but does no damage. Something bites you!
Something bites you. You block something's attack.
Something bites you but does no damage. x2
Unknown command.
You closely miss something. Something bites you.
Something bites you but does no damage. x2; Something bites you!
* * * LOW HITPOINT WARNING * * *
Something bites you.
* * * LOW HITPOINT WARNING * * *
Something bites you but does no damage. Something bites you!
* * * LOW HITPOINT WARNING * * *
Unknown command.
Unknown command.
Unknown command.
Unknown command.
Unknown command.
You swap places.
Something bites you.
* * * LOW HITPOINT WARNING * * *
Something bites you!
You die...

### #.## #..#
##..# ....###...#
..........# .
P....P....# #..
#........####....
#......o{....#..
#.P...@o.......
#....###.###..!
###..†#### ##...#
...# ##....# #...
#....##
#..####...#
#....#....#
#.#...#..#


You could see the friendly Borgun the orc knight (strong) and the friendly
Nordag the orc knight (strong).

Vanquished Creatures
  Pikel (D:6)
  A cane toad (Lair:2)
  Sigmund (D:4)
  Eustachio (D:4)
  3 yaks (Lair:1)
  A basilisk (Lair:1)
  Menkaure (D:4)
  A naga (Lair:2)
  4 water moccasins (Lair:1)
  An orc warrior (D:10)
  2 black bears
  A sky beast (D:10)
  An ice beast (D:9)
  2 necrophages (D:7)
  4 ogres
  A lemure (D:6)
  6 big kobolds
  3 bullfrogs
  A scorpion (D:9)
  9 killer bees (D:10)
  An electric eel (Lair:1)
  3 howler monkeys
  3 hounds
  An orc wizard (D:7)
  2 jellies
  3 orc priests
  Terence (D:3)
  Natasha (thrice) (D:3)
  5 worker ants
  A hound skeleton (D:5)
  35 gnolls
  9 adders
  2 shadow imps
  A white imp (D:6)
  An ufetubus (D:5)
  2 oozes
  An adder skeleton (D:7)
  3 worms
  5 dart slugs
  The ghost of neoxian the Sneak, a weakling VSDe (D:5)
  6 leopard geckos
  2 orcs (D:3)
  A ball python (D:4)
  8 bats
  3 giant cockroaches
  31 goblins
  21 hobgoblins
  14 jackals
  6 quokkas
  5 frilled lizards
  A jackal zombie (D:4)
  14 kobolds
  6 rats
246 creatures vanquished.

Vanquished Creatures (collateral kills)
  2 two-headed ogres (D:10)
  A wizard (D:10)
  Joseph (D:7)
  A black mamba (Lair:1)
  2 cane toads (Lair:1)
  A komodo dragon (Lair:2)
  2 trolls (D:10)
  2 polar bears
  3 blink frogs (Lair:1)
  Grinder (D:6)
  A wyvern (Lair:1)
  14 yaks
  2 nagas (Lair:2)
  3 water moccasins
  An ice beast (D:10)
  An orc warrior (D:10)
  A sky beast (D:9)
  A black bear (Lair:1)
  An ogre (D:7)
  A necrophage (D:8)
  A centaur (D:6)
  A gnoll sergeant (D:10)
  4 big kobolds
  3 bullfrogs
  8 killer bees
  4 wights (D:10)
  A jelly (D:7)
  A hound (D:6)
  An iguana (D:7)
  3 worker ants
  A hound zombie (D:7)
  A hound skeleton (D:6)
  3 adders
  4 gnolls
  2 shadow imps
  A white imp (D:7)
  An adder zombie (D:7)
  10 orcs
  A jackal (D:10)
  A kobold (D:10)
  2 quokkas (D:8)
  A leopard gecko skeleton (D:6)
  A leopard gecko zombie (D:7)
98 creatures vanquished.

Vanquished Creatures (others)
  An orc priest (Lair:1)
  18 orcs
  A quokka (D:3)
  2 kobolds
  8 fungi
  55 plants
85 creatures vanquished.

Grand Total: 429 creatures vanquished

Notes
Turn   | Place    | Note
-------+----------+-------------------------------------------
     0 | D:1      | sahdkjhfkaj the Hill Orc Fighter began the quest for the
                  | Orb.
     0 | D:1      | Reached XP level 1. HP: 19/19 MP: 1/1
    80 | D:1      | Reached skill level 3 in Axes
    93 | D:1      | Reached XP level 2. HP: 27/27 MP: 2/2
   571 | D:1      | Reached XP level 3. HP: 33/33 MP: 3/3
   893 | D:2      | Found a broken altar of Ashenzari.
  1415 | D:2      | Reached skill level 4 in Axes
  1415 | D:2      | Reached XP level 4. HP: 38/40 MP: 4/4
  1801 | D:3      | Became a worshipper of Beogh the Brigand
  1840 | D:3      | Noticed Natasha
  1860 | D:3      | Killed Natasha
  2085 | D:3      | Noticed Terence
  2102 | D:3      | Killed Terence
  2102 | D:3      | Reached skill level 1 in Invocations
  2102 | D:3      | Reached XP level 5. HP: 47/47 MP: 5/5
  2117 | D:3      | Reached skill level 5 in Axes
  2117 | D:3      | Noticed Natasha
  2128 | D:3      | Killed Natasha
  2174 | D:3      | Noticed Natasha
  2184 | D:3      | Killed Natasha
  2184 | D:3      | Reached XP level 6. HP: 52/53 MP: 7/7
  2221 | D:3      | Found a glowing golden altar of the Shining One.
  2836 | D:4      | Got a shimmering ring mail
  2846 | D:4      | Identified the +2 ring mail of Goholymo {rElec} (You found
                  | it on level 4 of the Dungeon)
  3051 | D:4      | Noticed Menkaure
  3071 | D:4      | Killed Menkaure
  3071 | D:4      | Reached skill level 5 in Fighting
  3071 | D:4      | Reached skill level 6 in Axes
  3110 | D:4      | Reached * piety under Beogh
  3111 | D:4      | Reached XP level 7. HP: 60/61 MP: 8/8
  3453 | D:4      | Reached skill level 5 in Shields
  3472 | D:4      | Reached ** piety under Beogh
  3475 | D:4      | Reached skill level 5 in Armour
  3547 | D:4      | Noticed Sigmund
  3553 | D:4      | Reached skill level 7 in Axes
  3564 | D:4      | Killed Sigmund
  3564 | D:4      | Reached XP level 8. HP: 38/70 MP: 10/10
  3720 | D:4      | Reached skill level 8 in Axes
  4026 | D:4      | Reached *** piety under Beogh
  4042 | D:4      | Noticed Eustachio
  4065 | D:4      | Killed Eustachio
  4256 | D:5      | Entered Level 5 of the Dungeon
  4581 | D:5      | Found a runed translucent gate.
  4581 | D:5      | Identified the cursed +0 plate armour of Hide-and-Seek
                  | {Harm Str+4}
  4687 | D:5      | Noticed a shadow
  4688 | D:5      | Found a shadowy altar of Dithmenos.
  4689 | D:5      | Found a hazy altar of Hepliaklqana.
  4764 | D:5      | Found a runed translucent gate.
  4766 | D:5      | Found a runed translucent gate.
  4767 | D:5      | Noticed neoxian's ghost (weakling VSDe)
  4770 | D:5      | Found a roughly hewn altar of Beogh.
  4784 | D:5      | Killed neoxian's ghost
  5397 | D:6      | Found a burning altar of Makhleb.
  5426 | D:6      | Reached skill level 5 in Invocations
  5505 | D:6      | Found a snail-covered altar of Cheibriados.
  5540 | D:6      | Reached XP level 9. HP: 78/78 MP: 12/12
  5638 | D:6      | Noticed Pikel
  5667 | D:6      | Killed Pikel
  5667 | D:6      | Reached skill level 9 in Axes
  5899 | D:6      | Noticed Grinder
  5906 | D:6      | Killed Grinder
  6248 | D:7      | Reached skill level 10 in Axes
  6509 | D:7      | Reached **** piety under Beogh
  6616 | D:7      | Found a staircase to the Ecumenical Temple.
  6698 | D:7      | Found Keneq's General Store.
  7387 | D:7      | Noticed Joseph
  7403 | D:7      | Killed Joseph
  7590 | D:8      | Reached XP level 10. HP: 86/87 MP: 14/14
  8098 | D:9      | Found a shimmering altar of Xom.
  8098 | D:9      | Found a shimmering altar of Xom.
  8141 | D:9      | Found Gemo's Antique Armour Boutique.
  8167 | D:9      | Reached skill level 11 in Axes
  8248 | D:9      | Found a shimmering blue altar of Sif Muna.
  8259 | D:9      | Found Zin's Purification Station.
  8295 | D:9      | Found a glowing silver altar of Zin.
  8372 | D:9      | Found a staircase to the Lair.
  8909 | D:10     | Entered Level 10 of the Dungeon
  8951 | D:10     | Noticed a two-headed ogre
  8957 | D:10     | Killed a two-headed ogre
  8994 | D:10     | Gained Borgun as an ally
  8997 | D:10     | Reached ***** piety under Beogh
  9747 | D:10     | Noticed a wizard
  9752 | D:10     | Killed a wizard
  9752 | D:10     | Reached skill level 12 in Axes
  9778 | D:10     | Identified the Reference Book on the Snowflakes and
                  | Feathers
 10280 | D:10     | Noticed a two-headed ogre
 10286 | D:10     | Killed a two-headed ogre
 10286 | D:10     | Reached XP level 11. HP: 79/94 MP: 15/17
 10632 | D:10     | Found a staircase to the Orcish Mines.
 10656 | D:10     | Gained Milork as an ally
 10956 | Lair:1   | Entered Level 1 of the Lair of Beasts
 11161 | Lair:1   | Reached skill level 13 in Axes
 11527 | Lair:1   | Gained Nordag as an ally
 12308 | Lair:2   | Found a staircase to the Snake Pit.
 13387 | Lair:3   | Noticed a four-headed hydra
 13618 | Lair:3   | Slain by a seven-headed hydra

Illustrated notes

Levels and vault maps discovered:
D:1:      scummos_arrival_simple_fountains, layout_loops_cross
D:2:      layout_loops_ring, nicolae_overflow_crystal_walls
D:3:      wad_woods_tower, layout_basic, tso_metal_star, uniq_natasha,
          uniq_terence
D:4:      minmay_goblin_kobold_castle, layout_basic, serial_glass,
          glass_columns_a, glass_columns_a, kennysheep_generic_room_3,
          uniq_menkaure, uniq_sigmund, uniq_eustachio
D:5:      layout_cave_pools, riverfiend_overflow_shadow_ancestor,
          biasface_ghost_orc_armoury
D:6:      layout_basic, kennysheep_mini, makhleb_heckhound_becter, uniq_pikel,
          uniq_grinder
D:7:      layout_layer_cave, minmay_temple_entry_junction_2, serial_shops,
          shop_fountains, uniq_joseph
D:8:      layout_cave_pools, moated_statue
D:9:      layout_basic, zin_purify, xom_redecorated, kennysheep_mini_moat,
          lair_entry_dummy, serial_shops, shop
D:10:     layout_basic, kennysheep_orc_monster_closet_entryway, st_stairs_2,
          minmay_librarian
Lair:1:   layout_gridlike, serial_bayou_pond_d, cheibrodos_lair_reptile_den,
          infiniplex_staircase_pool, grunt_megastairs_3
Lair:2:   layout_layer_cave, guppyfry_snake_entry_island,
          cheibrodos_lair_caveside_slide
Lair:3:   beast_lair_carwin_large_2, layout_concentric_octagons, worms_lemuel,
          lemuel_fruit_tree

Skill      XL: |  1  2  3  4  5  6  7  8  9 10 11 |
---------------+----------------------------------+-----
Axes           | 3 4 5 6 7 8 10 12 13 | 13.7
Fighting       | 4 5 6 7 8 9 |  9.8
Armour         | 4 5 6 7 8 9 |  9.0
Shields        | 4 5 7 8 9 |  9.1
Invocations    | 1 2 3 5 6 8 9 |  9.3

Action                   |  1- 3 |  4- 6 |  7- 9 | 10-12 || total
-------------------------+-------+-------+-------+-------++-------
Melee: War axe           |   134 |   158 |   362 |   281 ||   935
Invok: Convert to Beogh  |       |     1 |       |       ||     1
       Recall Orcish Fol |       |       |       |     3 ||     3
       Give Item to Name |       |       |       |     3 ||     3
       Stop Recall       |       |       |       |     1 ||     1
Evoke: Wand              |       |     2 |     3 |    11 ||    16
  Use: Scroll            |       |    10 |     2 |     8 ||    20
 Stab: Distracted        |       |       |       |     1 ||     1
Armor: Scale mail        |    72 |    48 |       |       ||   120
       Ring mail         |       |    18 |   102 |       ||   120
       Chain mail        |       |       |    72 |   117 ||   189
Dodge: Dodged            |    42 |    53 |    92 |    68 ||   255
Block: Kite shield       |    79 |    94 |   209 |   252 ||   634
       Reflection        |       |       |       |     9 ||     9

Table legend: (Time is in decaauts)
 A = Elapsed time spent in this place.
 B = Non-inter-level travel time spent in this place.
 C = Inter-level travel time spent in this place.
 D = Time resting spent in this place.
 E = Time spent auto-exploring this place.
 F = Levels seen in this place.
 G = Mean time per level.
                   A        B        C        D        E       F      G
               +--------+--------+--------+--------+--------+-----+--------+
         Total |  13794 |  13101 |    693 |   2279 |   8722 |  13 | 1061.1 |
       Dungeon |  11143 |  10558 |    585 |   1867 |   6787 |  10 | 1114.3 |
          Lair |   2651 |   2543 |    108 |    412 |   1935 |   3 |  883.7 |
               +--------+--------+--------+--------+--------+-----+--------+

Top non-repeatable levels by time:
    D:10: 1725 daAuts
     D:4: 1664 daAuts
     D:7: 1413 daAuts
  Lair:2: 1287 daAuts
  Lair:1: 1245 daAuts
     D:3: 1228 daAuts
     D:5: 1114 daAuts
     D:9: 938 daAuts
     D:6: 934 daAuts
     D:2: 882 daAuts
     D:1: 752 daAuts
     D:8: 490 daAuts
  Lair:3: 118 daAuts
